Map: Oceanborn LE

Players

NightMare

  • Race: Protoss Protoss
  • Spawn Location: 11:00

herO - Winner!

  • Race: Protoss Protoss
  • Spawn Location: 5:00

Event: ESL SC2 Masters 2023 Winter (Finals)

VOD

Have the link to the VOD?

Description

Time

  • Played on: Dec. 15, 2023, 12:02 p.m.
  • Length: 7:17

All games in this series

Show
View Real Time Build Order
Export as new Build Order

NightMare Protoss 

Build Orders:  

Get SALT Encoding   

  12  0:00  Probe  
  13  0:12  Probe  
  14  0:20  Pylon  
  14  0:24  Probe  
  15  0:38  Probe (Chrono Boost)  
  15  0:39  Gateway  
  16  0:43  Assimilator  
  16  0:49  Probe (Chrono Boost)  
  17  0:53  Probe (Chrono Boost)  
  17  0:56  Assimilator  
  18  1:05  Probe (Chrono Boost)  
  18  1:07  Gateway  
  19  1:14  Probe (Chrono Boost)  
  20  1:19  Probe  
  21  1:25  Cybernetics Core  
  21  1:31  Probe  
  22  1:37  Pylon  
  22  1:43  Probe  
  23  2:02  Warp Gate  
  23  2:03  Adept x2  
  27  2:12  Pylon  
  27  2:20  Robotics Facility  
  27  2:33  Stalker x2  
  30  2:44  Gateway  
  30  3:03  Sentry  
  32  3:10  Immortal (Chrono Boost)  
  32  3:15  Pylon  
  36  3:24  Shield Battery  
  34  3:41  Immortal (Chrono Boost)  
  36  3:53  Sentry, Adept x2  
  42  4:06  Pylon  
  42  4:13  Warp Prism  
  44  4:21  Adept  
  46  4:28  Stalker  
  48  4:33  Stalker  
  50  4:46  Adept  
  50  4:49  Pylon  
  52  4:57  Adept  
  52  4:59  Probe  
  53  5:07  Observer  
  53  5:11  Probe  
  55  5:15  Adept x2  
  55  5:19  Adept  
  61  5:27  Pylon  
  53  5:47  Adept x2  
  37  5:59  Immortal (Chrono Boost)  
  41  6:07  Sentry  
  41  6:08  Shield Battery  
  43  6:15  Sentry  
  45  6:20  Stalker  
  47  6:35  Stalker  
  49  6:53  Sentry  
  47  6:58  Stalker  
Show
View Real Time Build Order
Export as new Build Order

herO Protoss - Winner!

Build Orders:  

Get SALT Encoding   

  12  0:00  Probe  
  13  0:12  Probe  
  14  0:17  Pylon  
  14  0:24  Probe (Chrono Boost)  
  16  0:36  Gateway, Probe (Chrono Boost)  
  16  0:43  Probe (Chrono Boost)  
  16  0:45  Assimilator  
  17  0:50  Probe  
  18  1:03  Probe (Chrono Boost)  
  19  1:04  Assimilator  
  19  1:10  Gateway  
  20  1:12  Probe (Chrono Boost)  
  20  1:17  Probe (Chrono Boost)  
  20  1:24  Cybernetics Core  
  21  1:29  Probe  
  22  1:35  Pylon  
  22  1:41  Probe  
  23  1:53  Probe  
  24  2:01  Warp Gate, Adept (Chrono Boost)  
  28  2:07  Pylon  
  28  2:08  Stalker (Chrono Boost)  
  28  2:24  Stalker (Chrono Boost)  
  30  2:31  Stalker  
  32  2:37  Robotics Facility  
  32  2:51  Stalker  
  34  2:58  Gateway  
  34  3:01  Stalker  
  35  3:18  Pylon  
  33  3:21  Warp Prism (Chrono Boost)  
  35  3:50  Immortal (Chrono Boost), Adept x2  
  35  3:53  Sentry  
  45  4:01  Pylon  
  45  4:25  Sentry, Immortal (Chrono Boost)  
  51  4:42  Pylon  
  49  4:58  Immortal (Chrono Boost)  
  53  5:03  Adept x2  
  53  5:05  Adept  
  57  5:15  Pylon  
  57  5:33  Adept  
  57  5:34  Adept x2  
  59  5:39  Observer (Chrono Boost)  
  46  6:01  Stalker x3  
  50  6:24  Stalker x3  
  54  6:57  Stalker x3  
Tags
 
Add a new tag
Caveats
  • Supply blocks, unpowered buildings, or Contaminate may cause inaccurate times.
  • Supply counts are checked every 10 seconds.